 Dungeon Crawl Stone Soup version 0.27.0-1-g7a089689b8 (webtiles) character file.

Game seed: 8781822311804358521

10416 emiel the Spear-Bearer (level 11, -5/97 HPs)
             Began as a Naga Berserker on Aug 8, 2021.
             Was a High Priest of Trog.
             Splashed by a centaur's acid (9 damage)
             ... on level 10 of the Dungeon.
             The game lasted 00:12:09 (12837 turns).

emiel the Spear-Bearer (Naga Berserker)            Turns: 12837, Time: 00:12:10

Health: -5/97      AC:  9    Str: 24    XL:     11   Next: 61%
Magic:  0/11       EV:  9    Int:  7    God:    Trog [*****.]
Gold:   301        SH:  0    Dex: 10    Spells: 10/10 levels left

rFire    . . .     SeeInvis +   c - +1 glaive (flame)
rCold    + + .     Faith    .   (shield currently unavailable)
rNeg     . . .     Spirit   +   r - +0 scale mail {rC+}
rPois    +         Reflect  .   E - +1 hat
rElec    .         Harm     .   i - +2 cloak
rCorr    .         Rampage  .   q - +0 pair of gloves
Will     +....                  (no barding)
Stlth    ..........             l - amulet of guardian spirit
HPRegen  0.26/turn              p - ring of protection from cold
MPRegen  0.12/turn              (no ring)

@: corroded, studying Armour, very slow
A: AC +3, large, see invisible, deformed body, poison resistance, slowness 2,
spit poison 1, naga tail 1
a: Spit Poison, Renounce Religion, Berserk, Trog's Hand, Brothers in Arms


You were on level 10 of the Dungeon.
You worshipped Trog.
Trog was extremely pleased with you.
You visited 1 branch of the dungeon, and saw 10 of its levels.

You collected 457 gold pieces.
You spent 156 gold pieces at shops.

Inventory:

Hand Weapons
 c - a +1 glaive of flaming (weapon)
Missiles
 j - 13 javelins
Armour
 i - a +2 cloak (worn)
 q - a +0 pair of gloves (worn)
 r - a +0 scale mail of cold resistance (worn)
 E - a +1 hat (worn)
Jewellery
 l - an amulet of guardian spirit (around neck)
 p - a ring of protection from cold (left hand)
 J - an amulet of magic regeneration
Wands
 a - a wand of acid (12)
 F - a wand of flame (37)
 K - a wand of paralysis (6)
Scrolls
 d - a scroll of enchant armour {unknown}
 e - 4 scrolls of fog
 h - a scroll of silence
 k - 2 scrolls of magic mapping
 t - a scroll of immolation {unknown}
 v - a scroll of summoning {unknown}
 y - a scroll of amnesia {unknown}
 B - 3 scrolls of teleportation
 D - 2 scrolls of enchant weapon
 H - a scroll of noise {unknown}
Potions
 b - 3 potions of curing
 f - 2 potions of magic
 g - a potion of haste
 m - a potion of berserk rage {unknown}
 o - 4 potions of might
 s - 2 potions of ambrosia
 u - 3 potions of mutation {unknown}
 w - 2 potions of flight {unknown}
 x - a potion of brilliance {unknown}
 z - a potion of degeneration {unknown}
 A - 2 potions of heal wounds {unknown}
 C - a potion of lignification {unknown}
 I - a potion of cancellation {unknown}
Miscellaneous
 n - a lightning rod (4/4)
 G - a box of beasts (inert)


   Skills:
 - Level 6.3 Fighting
 + Level 13.9 Polearms
 - Level 1.0 Throwing
 - Level 4.9 Armour
 - Level 4.8 Dodging
 - Level 5.4 Evocations


You had 10 spell levels left.
You didn't know any spells.
Your spell library was empty.

Dungeon Overview and Level Annotations

Branches:
Dungeon (10/15)            Temple (0/1) D:4             Orc (0/2) D:9
   Lair: D:8-11

Altars:
Dithmenos
Sif Muna

Shops:
D:2 ?   D:3 [   D:8 [


Innate Abilities, Weirdness & Mutations

Your serpentine skin is tough. (AC +3)
You have supernaturally acute eyesight. (SInv)
Armour fits poorly on your strangely shaped body.
Your system is resistant to poisons. (rPois)
You cover ground very slowly.
You can spit poison.
You have a snake-like lower body.


Message History

You start resting.
Magic restored.
You start resting.
HP restored.
A centaur comes into view. It is carrying a wand of acid (8).
The centaur shouts!
The centaur wields a +0 shortbow.
The centaur shoots an arrow.
The arrow barely misses you.
There is an open door, spattered with blood here.
You see here a yak skeleton.
A centaur is nearby!
The centaur shoots an arrow.
The arrow hits you!
The centaur shoots an arrow.
The arrow hits you but does no damage.
The centaur shoots an arrow.
The arrow hits you but does no damage.
The centaur shoots an arrow.
The arrow hits you but does no damage.
The centaur shoots an arrow.
The arrow hits you!
The centaur shoots an arrow.
The arrow hits you but does no damage.
The centaur shoots an arrow.
The arrow hits you but does no damage.
Found a scroll labelled YTHRUF TENEALAS.
The centaur shoots an arrow.
The arrow hits you.
The centaur shoots an arrow.
The arrow hits you but does no damage.
The centaur shoots an arrow.
The arrow barely misses you.
The centaur shoots an arrow.
The arrow hits you.
You reach to attack!
You hit the centaur. You burn the centaur.
The centaur is moderately wounded.
The centaur zaps a wand.
The bolt of acid hits you!
You are splashed with acid!
The centaur unwields a +0 shortbow.
The centaur closely misses you. x3
The centaur kicks you but does no damage.
Found a stone staircase leading down.
You hit the centaur. You burn the centaur.
The centaur is heavily wounded.
The centaur zaps a wand.
The bolt of acid hits you!
You are splashed with acid!
The centaur zaps a wand.
The bolt of acid hits you.
You are splashed with acid!
* * * LOW HITPOINT WARNING * * *
The centaur hits you but does no damage.
The centaur kicks you but does no damage.
The centaur zaps a wand.
The bolt of acid hits you!
* * * LOW HITPOINT WARNING * * *
The acid corrodes you!
You are splashed with acid!
You die...

#######'####
###..........#
?'..........#
#..........#
#..........#
#..........######
#........c.'...>.
#........@.#
#..........#
##÷######### #.##
#..## ##..#####
##..÷..# #####.#
##########'###
####+#######


You could see a centaur.

Vanquished Creatures
  Josephine (D:10)
  Harold (D:8)
  2 trolls
  A hornet (D:9)
  Prince Ribbit (D:7)
  Sigmund (D:3)
  5 wraiths
  8 yaks
  4 wyverns
  2 fire bats (D:7)
  2 fire elementals (D:7)
  A steam dragon (D:9)
  Duvessa (D:4)
  2 acid dragons
  A hell hound (D:7)
  A water moccasin (D:7)
  5 orc warriors
  2 ice beasts
  A black bear (D:6)
  2 sky beasts
  2 ogres
  A necrophage (D:6)
  6 centaurs
  2 kobold brigands
  5 bullfrogs
  A wyvern skeleton (D:7)
  A scorpion (D:6)
  Dowan (D:4)
  2 killer bees (D:9)
  12 wights
  8 howler monkeys
  A jelly (D:6)
  Crazy Yiuf (D:3)
  A bullfrog zombie (D:5)
  6 orc priests
  4 hounds
  2 centaur skeletons
  Ijyb (D:5)
  3 iguanas
  8 orc wizards
  Robin (D:3)
  3 gnolls (D:4)
  4 adders
  A shadow imp (D:8)
  2 white imps
  2 ufetubi (D:5)
  A worm (D:3)
  54 orcs
  6 ball pythons
  8 endoplasms
  7 giant cockroaches
  11 goblins
  10 hobgoblins
  16 jackals
  4 quokkas
  8 bats
  2 frilled lizards (D:1)
  19 kobolds
  4 rats
275 creatures vanquished.

Vanquished Creatures (collateral kills)
  A fire bat (D:7)
  A water moccasin (D:9)
  2 killer bees (D:9)
4 creatures vanquished.

Grand Total: 279 creatures vanquished

Notes
Turn   | Place    | Note
-------+----------+-------------------------------------------
     0 | D:1      | emiel the Naga Berserker began the quest for the Orb.
     0 | D:1      | Reached XP level 1. HP: 21/21 MP: 1/1
   305 | D:1      | Reached XP level 2. HP: 23/28 MP: 2/2
   756 | D:1      | Reached skill level 4 in Polearms
   761 | D:1      | Reached XP level 3. HP: 34/34 MP: 3/3
   890 | D:1      | Reached ** piety under Trog
  1350 | D:2      | Found Ypsoull's Magic Scroll Boutique.
  1365 | D:2      | Bought a scroll of identify for 22 gold pieces
  1365 | D:2      | Bought a scroll of identify for 22 gold pieces
  1444 | D:2      | Reached XP level 4. HP: 42/42 MP: 4/4
  1654 | D:2      | Reached skill level 5 in Polearms
  1814 | D:3      | Found Hyiplele's Antique Armour Shop.
  1819 | D:3      | Noticed Sigmund
  1832 | D:3      | Killed Sigmund
  1833 | D:3      | Reached skill level 6 in Polearms
  1833 | D:3      | Reached XP level 5. HP: 49/49 MP: 5/5
  1833 | D:3      | Reached XP level 6. HP: 56/56 MP: 6/6
  1979 | D:3      | Noticed Robin
  1995 | D:3      | Killed Robin
  2544 | D:3      | Found a runed translucent door.
  2548 | D:3      | Noticed Crazy Yiuf
  2560 | D:3      | Killed Crazy Yiuf
  3045 | D:4      | Reached skill level 7 in Polearms
  3212 | D:4      | Noticed Duvessa
  3212 | D:4      | Noticed Dowan
  3217 | D:4      | Killed Dowan
  3236 | D:4      | Killed Duvessa
  3237 | D:4      | Reached XP level 7. HP: 22/62 MP: 1/7
  3492 | D:4      | Reached skill level 8 in Polearms
  3585 | D:4      | Identified the +9 lajatang of the Pharaoh's Fist {protect,
                  | rPois Str-2 Dex+5 SInv}
  3804 | D:4      | Found a shadowy altar of Dithmenos.
  3853 | D:4      | Found a staircase to the Ecumenical Temple.
  4049 | D:4      | Reached skill level 9 in Polearms
  4058 | D:4      | Reached XP level 8. HP: 69/69 MP: 8/8
  4616 | D:4      | Reached *** piety under Trog
  4834 | D:3      | Bought a pair of gloves for 112 gold pieces
  4858 | D:5      | Entered Level 5 of the Dungeon
  5086 | D:5      | Noticed Ijyb
  5396 | D:5      | Reached skill level 10 in Polearms
  5711 | D:5      | Found a shimmering blue altar of Sif Muna.
  5825 | D:5      | Killed Ijyb
  6017 | D:6      | Reached skill level 1 in Evocations
  6115 | D:6      | Reached XP level 9. HP: 66/76 MP: 9/9
  6794 | D:6      | Reached skill level 11 in Polearms
  7262 | D:7      | Reached **** piety under Trog
  7496 | D:7      | Noticed Prince Ribbit
  7507 | D:7      | Killed Prince Ribbit
  7585 | D:7      | Identified the +3 spear of Zokox {vamp, rCorr}
  7790 | D:7      | Reached skill level 5 in Fighting
  8031 | D:7      | Found a transporter.
  8105 | D:7      | Reached XP level 10. HP: 84/88 MP: 8/10
  8270 | D:7      | Found a transporter.
  9630 | D:8      | Noticed Harold
  9656 | D:8      | Killed Harold
  9657 | D:8      | Reached skill level 5 in Evocations
 10055 | D:8      | Found Huxkoone's Antique Armour Emporium.
 10295 | D:9      | Reached skill level 1 in Throwing
 10456 | D:9      | Reached skill level 12 in Polearms
 10466 | D:9      | HP: 3/91 [water moccasin (5)]
 10467 | D:9      | Reached XP level 11. HP: 3/97 MP: 0/11
 11173 | D:9      | Found a staircase to the Orcish Mines.
 11237 | D:9      | Reached ***** piety under Trog
 12071 | D:10     | Entered Level 10 of the Dungeon
 12082 | D:10     | Reached skill level 13 in Polearms
 12397 | D:10     | Noticed Josephine
 12403 | D:10     | Killed Josephine
 12837 | D:10     | HP: 4/97 [centaur/bolt of acid (15)]
 12837 | D:10     | Splashed by a centaur's acid

Illustrated notes

Levels and vault maps discovered:
D:1:      ebering_trefoil_twist, layout_loops_ring,
          chequers_serial_rivers_small_b
D:2:      layout_rooms, serial_shops, shop
D:3:      layout_loops_cross, serial_shops, nicolae_shop_trees, uniq_sigmund,
          uniq_crazy_yiuf_cottage, uniq_robin
D:4:      layout_gridville, lemuel_crystal_altar,
          minmay_temple_entry_statues_fountains, uniq_duvessa
D:5:      layout_gridville, mainiacjoe_overflow_boulevard, minmay_diced_spiral,
          uniq_ijyb
D:6:      layout_basic, serial_glass, glass_columns_c, glass_columns_b
D:7:      gammafunk_cloud_chamber, layout_basic, uniq_prince_ribbit1
D:8:      layout_basic, serial_shops, nicolae_lakefront_shop,
          kennysheep_decorative_pillar, hex_intersection,
          kennysheep_opposing_triangles, uniq_harold
D:9:      layout_irregular_city, hiddenorc2_lemuel
D:10:     layout_roguey, lair_entry_dummy, special_room [special_room_orc],
          uniq_josephine

Skill      XL: |  1  2  3  4  5  6  7  8  9 10 11 |
---------------+----------------------------------+-----
Polearms       | 4 6 7 9 10 11 12 13 | 13.9
Armour         | 2 3 4 |  4.9
Dodging        | 2 3 4 |  4.8
Evocations     | 1 3 5 |  5.4
Fighting       | 5 6 |  6.3
Throwing       | 1 |  1.0

Action                   |  1- 3 |  4- 6 |  7- 9 | 10-12 || total
-------------------------+-------+-------+-------+-------++-------
Melee: Spear             |   127 |   154 |   198 |       ||   479
       Trident           |       |       |   207 |   151 ||   358
       Glaive            |       |       |       |   158 ||   158
Invok: Berserk           |     4 |     6 |    19 |    14 ||    43
       Trog's Hand       |       |     1 |       |     3 ||     4
       Brothers in Arms  |       |       |       |     1 ||     1
 Abil: Spit Poison       |       |       |     1 |       ||     1
Evoke: Wand              |       |       |       |     7 ||     7
       Box of beasts     |       |       |       |     1 ||     1
  Use: Scroll            |     2 |     3 |     5 |     1 ||    11
       Potion            |       |       |       |     2 ||     2
 Stab: Distracted        |     1 |       |       |       ||     1
Armor: Animal skin       |    19 |       |       |       ||    19
       Scale mail        |     5 |    54 |   168 |   198 ||   425
Dodge: Dodged            |    45 |    36 |   123 |   152 ||   356
